 Dungeon Crawl Stone Soup version 0.32-a0-7-ge934b4519a (webtiles) character file.

Game seed: 9008958791743660007

39 timneilson the Ruffian (level 3, -3/24 HPs)
             Began as an Octopode Shapeshifter on Jan 14, 2024.
             Slain by Terence
             ... wielding a +0 flail
              (10 damage)
             ... on level 2 of the Dungeon.
             The game lasted 00:02:09 (1287 turns).

timneilson the Ruffian (Octopode Shapeshifter)      Turns: 1287, Time: 00:02:09

Health: -3/24      AC:  1    Str: 15    XL:     3   Next: 47%
Magic:  3/3        EV: 13    Int: 12    God:
Gold:   86         SH:  0    Dex: 11    Spells: 2/2 levels left

rFire   . .          .
                       - Unarmed
rCold   . . .        (no shield)
rNeg    . . .        (helmet currently unavailable)
rPois   .            (no amulet)
rElec   .            (no ring)
rCorr   .            (no ring)
SInv    .            (no ring)
Will    .....        (no ring)
Stlth   ++           (no ring)
HPRegen 0.24/turn    (no ring)
MPRegen 0.08/turn    (no ring)
                     (no ring)

%: no passive effects
@: beast-form
A: beast (slay +1), almost no armour, amphibious, 8 rings, camouflage 1,
gelatinous body 1, (nimble swimmer 1), tentacles
a: Begin Untransformation


You were on level 2 of the Dungeon.
You were a hulking beast.
You visited 1 branch of the dungeon, and saw 2 of its levels.

You collected 86 gold pieces.

Inventory:

Missiles
 f - a throwing net (quivered)
Jewellery
 i - a ring of resist corrosion
Talismans
 b - a beast talisman
 c - a flux talisman
Scrolls
 d - a scroll of immolation {unknown}
 e - a scroll of identify
 g - a scroll of teleportation
Potions
 a - 3 potions of lignification
 h - a potion of haste {unknown}
 j - a potion of degeneration {unknown}


   Skills:
 * Level 1.7 Fighting
 * Level 2.4 Dodging
 + Level 1.1 Stealth
 * Level 3.3 Unarmed Combat
 * Level 3.2 Shapeshifting


You had 2 spell levels left.
You didn't know any spells.
Your spell library was empty.

Dungeon Overview and Level Annotations

Branches:
Dungeon (2/15)

Altars:

Annotations:
D:2 Terence


Innate Abilities, Weirdness & Mutations

You are a hulking beast.
Your limbs bulge with bestial killing power. (Slay +1)
You cannot wear most types of armour.
You are amphibious.
You can wear up to eight rings at the same time.
Your skin changes colour to match your surroundings (Stealth+).
Your rubbery body absorbs attacks. (AC +1, EV +1)
((You are camouflaged when in or above water. (Stealth+)))
You have tentacles for arms and can constrict up to eight enemies at once.


Message History

a - 3 potions of lignification (gained 1)
You see here a ball python skeleton.
You see here a +0 robe.
A ball python comes into view.
The ball python hisses angrily.
The ball python barely misses you. The ball python completely misses you.
You tentacle-slap the ball python but do no damage.
You grab the ball python. You constrict the ball python.
The ball python closely misses you. x2
You tentacle-slap the ball python.
You kill the ball python!
You see here a ball python corpse.
You see here a jackal skeleton.
Found a stone staircase leading down.
A ball python comes into view.
A ball python is nearby!
The ball python hisses angrily.
There is a stone staircase leading down here.
The ball python barely misses you. The ball python closely misses you.
You bludgeon the ball python!
You kill the ball python!
You see here a ball python corpse.
Found 2 gold pieces.
You now have 86 gold pieces (gained 2).
Terence the Incautious comes into view.
He is wielding a +0 flail.
Terence shouts!
Terence hits you with a +0 flail.
You tentacle-slap Terence. Your grab misses Terence.
Terence is lightly wounded.
Terence closely misses you.
You barely miss Terence. Your grab misses Terence.
Terence is lightly wounded.
Terence hits you with a +0 flail!
Ouch! That really hurt!
* * * LOW HITPOINT WARNING * * *
You tentacle-slap Terence. Your grab misses Terence.
Terence is moderately wounded.
Terence hits you with a +0 flail!
You die...
Terence says, "Time to find some more victims."

##...####.#
#.....#.......#.## #..##
#.####(###...#####....#
#.##
#.##..........####....# #.#
#.##.......<..#........ #.#
#..................(...
##.#
####..........#.#......
#..# #..........#.#.....#
#.## ###.####.###.#.....#
#.# #h# #.# #.#.)#### #.#
.......@.....###.#..# #.#
#.########.............###.
#.# #.# #####.............
#.# #.# .####.#.##### #.#
#.# #..#.# #.# #.#
#.###.##.# ##.# #.#
#....)...##### ##..# #.#
####.........


You could see Terence.

Vanquished Creatures
  2 dart slugs (D:2)
  2 bats
  2 endoplasms (D:1)
  A giant cockroach (D:1)
  2 goblins
  A hobgoblin (D:2)
  7 jackals
  A kobold (D:1)
  A quokka (D:1)
  5 ball pythons
  6 frilled lizards
  4 rats
34 creatures vanquished.

Notes
Turn   | Place    | Note
-------+----------+-------------------------------------------
     0 | D:1      | timneilson the Octopode Shapeshifter began the quest for
                  | the Orb.
     0 | D:1      | Reached XP level 1. HP: 13/13 MP: 1/1
   208 | D:1      | Reached XP level 2. HP: 17/18 MP: 2/2
   213 | D:1      | Found a faded altar of an unknown god.
   862 | D:2      | Reached skill level 1 in Stealth
   862 | D:2      | Reached XP level 3. HP: 18/23 MP: 3/3
  1279 | D:2      | Noticed Terence
  1287 | D:2      | Slain by Terence

Illustrated notes

Levels and vault maps discovered:
D:1:      evilmike_arrival_rings, layout_basic,
          chequers_ecumenical_altar_simple_redux, minmay_pentomino_s2
D:2:      layout_loops_ring, uniq_terence

Skill      XL: |  1  2 |
---------------+-------+-----
Stealth        | 1 |  1.1
Fighting       | |  1.7
Dodging        | |  2.4
Unarmed Combat | |  3.3
Shapeshifting  | |  3.2

Action                     || total
---------------------------++-------
  Melee: Unarmed           ||    58
         Constrict         ||    13
         Tentacles         ||     9
    Use: Scroll            ||     3
   Stab: Sleeping          ||    10
 Armour: Skin              ||    31
  Dodge: Dodged            ||    28

Table legend: (Time is in decaauts)
 A = Elapsed time spent in this place.
 B = Non-inter-level travel time spent in this place.
 C = Inter-level travel time spent in this place.
 D = Time resting spent in this place.
 E = Time spent auto-exploring this place.
 F = Levels seen in this place.
 G = Mean time per level.
                   A        B        C        D        E       F      G
               +--------+--------+--------+--------+--------+-----+--------+
         Total |   1283 |   1266 |     17 |      0 |    949 |   2 |  641.5 |
       Dungeon |   1283 |   1266 |     17 |      0 |    949 |   2 |  641.5 |
               +--------+--------+--------+--------+--------+-----+--------+

Top non-repeatable levels by time:
     D:1: 754 daAuts
     D:2: 528 daAuts
